 Dungeon Crawl Stone Soup version 0.25-a0-190-g27fffb8c76 (webtiles) character file.

Game seed: 8742461527131862181, levelgen mode: deterministic

145 Gargoyl the Skirmisher (level 5, 0/46 HPs)
             Began as a Centaur Abyssal Knight on Nov 30, 2019.
             Was a Follower of Lugonu.
             Slain by a gnoll
             ... wielding a +0 halberd
              (16 damage)
             ... on level 3 of the Dungeon.
             The game lasted 00:05:14 (3665 turns).

Gargoyl the Skirmisher (Centaur Abyssal Knight)     Turns: 3665, Time: 00:05:14

Health: 0/46       AC:  4    Str: 14    XL:     5   Next: 6%
Magic:  7/7        EV:  9    Int: 11    God:    Lugonu [*.....]
Gold:   149        SH:  0    Dex: 10    Spells: 4/4 levels left

rFire    . . .     SeeInvis .   a - +3 hand axe
rCold    . . .     Gourm    .   (no shield)
rNeg     . . .     Faith    .   b - +0 leather armour
rPois    +         Spirit   .   (no helmet)
rElec    .         Reflect  .   (no cloak)
rCorr    .         Harm     .   (no gloves)
MR       .....                  (no barding)
Stlth    ..........             (no amulet)
HPRegen  0.15/turn              e - ring of poison resistance
MPRegen  0.10/turn              (no ring)

@: very quick
A: large, hooves 3, deformed body, speed 2, tough skin 3
a: Depart the Abyss, Renounce Religion


You were on level 3 of the Dungeon.
You worshipped Lugonu.
Lugonu was aware of your devotion.
You were hungry.

You visited 1 branch of the dungeon, and saw 4 of its levels.
You visited the Abyss 1 time.

You collected 149 gold pieces.

Inventory:

Hand Weapons
 a - a +3 hand axe (weapon)
Armour
 b - a +0 leather armour (worn)
Jewellery
 e - a ring of poison resistance (left hand)
Scrolls
 d - 2 scrolls of identify
 i - 2 scrolls of teleportation
Potions
 f - a potion of heal wounds
 h - a potion of haste
 j - 2 potions of mutation {unknown}
 l - a potion of curing
Comestibles
 c - a ration
 g - a chunk of flesh


   Skills:
 + Level 3.7 Fighting
 + Level 2.9 Axes
 * Level 2.1 Armour
 * Level 1.6 Dodging
 * Level 2.7 Invocations


You had 4 spell levels left.
You didn't know any spells.
Your spell library was empty.

Dungeon Overview and Level Annotations

Branches:
Dungeon (4/15)
 Temple: D:4-7

Altars:
Yredelemnul

Annotations:
D:4 Grinder


Innate Abilities, Weirdness & Mutations

You have hooves in place of feet.
Armour fits poorly on your strangely shaped body.
You cover ground very quickly.
You have extremely tough skin. (AC +3)


Message History

You slash the goblin!
You kill the goblin!
Lugonu accepts your kill.
Things that are here:
a +0 club; a goblin corpse The gnoll barely misses you.
You hit the gnoll. Your kick misses the gnoll.
The gnoll is moderately wounded.
You barely miss the gnoll. You kick the gnoll.
The gnoll is severely wounded.
The gnoll hits you with a +0 flail.
The gnoll hits you from afar with a +0 halberd!
A gnoll comes into view. It is wielding a +0 spear.
You barely miss the gnoll.
The gnoll is severely wounded.
You are feeling hungry.
The gnoll shouts!
The gnoll hits you with a +0 flail!
The gnoll hits you from afar with a +0 halberd!
You die...

#####....+.>###.........g..
#...#....#........(.
#...#..........g....
g%%#...............
#)##...............
#g##.......#.......
#..'......g'.......
#......#....[..#.......
#.######.....)@g.......
#...............
#........#+##### #........#
#........# ########.# #.#
#.#


You could see 3 gnolls.

Vanquished Creatures
  A crimson imp (D:2)
  4 adders
  An ooze (D:1)
  A worm (D:2)
  A leopard gecko (D:3)
  An orc (D:3)
  7 bats
  5 giant cockroaches
  10 goblins
  7 hobgoblins
  7 jackals
  2 ball pythons
  3 frilled lizards (D:2)
  5 kobolds
  2 rats
57 creatures vanquished.

Vanquished Creatures (others)
  2 starspawn tentacles (Abyss:1)
2 creatures vanquished.

Grand Total: 59 creatures vanquished

Notes
Turn   | Place    | Note
-------+----------+-------------------------------------------
     0 | Abyss:1  | Gargoyl the Centaur Abyssal Knight began the quest for the
                  | Orb.
     0 | Abyss:1  | Reached XP level 1. HP: 19/19 MP: 2/2
    42 | Abyss:1  | Noticed a quasit
    93 | Abyss:1  | Noticed a starcursed mass
   115 | Abyss:1  | Noticed a bone dragon
   118 | Abyss:1  | Noticed a Hell Sentinel
   118 | Abyss:1  | Noticed a ynoxinul
   119 | Abyss:1  | Noticed a large abomination
   122 | Abyss:1  | Noticed a tentacled starspawn
   223 | Abyss:1  | Noticed a small abomination
   272 | Abyss:1  | Noticed a thrashing horror
   279 | D:1      | Escaped the Abyss
   406 | D:1      | Reached XP level 2. HP: 15/26 MP: 3/3
   574 | D:1      | Reached * piety under Lugonu
   758 | D:1      | Reached skill level 1 in Dodging
  1236 | D:2      | Reached XP level 3. HP: 31/31 MP: 4/4
  1970 | D:2      | Reached XP level 4. HP: 23/38 MP: 5/5
  2372 | D:2      | Found a basalt altar of Yredelemnul.
  3078 | D:3      | Noticed an ogre
  3447 | D:3      | Found a faded altar of an unknown god.
  3475 | D:4      | Noticed Grinder
  3478 | D:4      | Reached XP level 5. HP: 45/46 MP: 7/7
  3481 | D:4      | Paralysed by Grinder for 2 turns
  3665 | D:3      | Slain by a gnoll

Levels and vault maps discovered:
D:1:      dpeg_arrival_solitude, layout_basic
D:2:      layout_basic, yredelemnul_altar_generic
D:3:      layout_basic, chequers_ecumenical_altar_simple_redux,
          hellmonk_ghost_happy_afterlife, first_ration, minmay_ogre_servants
D:4:      layout_basic, saegor_snake_ambush, uniq_grinder

Skill      XL: |  1  2  3  4 |
---------------+-------------+-----
Axes           | 2 |  2.9
Dodging        | 1 |  1.6
Armour         | 2 |  2.1
Fighting       | |  3.7
Invocations    | |  2.7

Action                   |  1- 3 |  4- 6 || total
-------------------------+-------+-------++-------
Melee: Hand axe          |   132 |    69 ||   201
       Kick              |    19 |     9 ||    28
Invok: Depart the Abyss  |     1 |       ||     1
  Use: Potion            |     3 |       ||     3
       Scroll            |     9 |       ||     9
  Eat: Chunk             |     1 |     2 ||     3
       Ration            |       |     1 ||     1
Armor: Leather armour    |    44 |    38 ||    82
Dodge: Dodged            |    70 |    46 ||   116

Table legend:
 A = Non-vault XP
 B = Vault XP
 C = Vault XP percentage of total XP
 D = Non-vault monster count
 E = Vault monster count
 F = Vault count percentage of total count
                 A         B        C        D         E       F
            +---------+---------+-------+---------+---------+-------
      Total |     194 |      14 |   6.7 |      50 |       7 |  12.3
            +---------+---------+-------+---------+---------+-------
        D:1 |      37 |       0 |   0.0 |      18 |       0 |   0.0
        D:2 |     126 |       0 |   0.0 |      23 |       0 |   0.0
        D:3 |      29 |      14 |  32.6 |       8 |       7 |  46.7
        D:4 |       2 |       0 |   0.0 |       1 |       0 |   0.0
            +---------+---------+-------+---------+---------+-------
